 Dungeon Crawl Stone Soup version 0.29.1-2-gbd0b4ee654 (webtiles) character file.

Game seed: 3032207627739887040

98 cdecastro the Ruffian (level 4, -1/38 HPs)
             Began as a Ghoul Monk on Oct 28, 2022.
             Killed from afar by Ijyb (10 damage)
             ... with a puff of flame
             ... on level 3 of the Dungeon.
             The game lasted 00:03:28 (2417 turns).

cdecastro the Ruffian (Ghoul Monk)                  Turns: 2417, Time: 00:03:29

Health: -1/38      AC:  3    Str: 16    XL:     4   Next: 71%
Magic:  3/3        EV: 12    Int:  5    God:
Gold:   44         SH:  0    Dex: 11    Spells: 3/3 levels left

rFire   . . .      SeeInvis .     - Unarmed
rCold   + . .      Faith    .   (no shield)
rNeg    + + +      Spirit   .   a - +0 robe
rPois   ∞          Reflect  .   l - +0 helmet
rElec   .          Harm     .   (no cloak)
rCorr   .          Rampage  .   (no gloves)
Will    .....                   (no boots)
Stlth   ++........              (no amulet)
HPRegen 0.00/turn               (no ring)
MPRegen 0.08/turn               (no ring)

@: inhibited regen
A: claws 1, cold resistance 1, negative energy resistance 3, inhibited
regeneration, torment resistance 2, devour on kill
a: no special abilities


You were on level 3 of the Dungeon.
You visited 1 branch of the dungeon, and saw 3 of its levels.

You collected 44 gold pieces.

Inventory:

Missiles
 g - 7 stones (quivered)
 j - 4 poisoned darts
Armour
 a - a +0 robe (worn)
 l - a +0 helmet (worn)
Scrolls
 c - 2 scrolls of enchant armour {unknown}
 h - a scroll of noise {unknown}
Potions
 b - a potion of ambrosia
 d - 3 potions of curing {unknown}
 e - a potion of flight {unknown}
 f - 2 potions of haste {unknown}
 i - a potion of might {unknown}
 k - a potion of mutation {unknown}


   Skills:
 - Level 3.2 Fighting
 - Level 2.6 Dodging
 - Level 2.1 Stealth
 + Level 5.8 Unarmed Combat


You had 3 spell levels left.
You didn't know any spells.
Your spell library contained the following spells:

 Spells                   Type           Power      Damage    Failure   Level
 Apportation              Tloc           0%         N/A       47%         1
 Necrotise                Necr           0%         1d4       47%         1
 Summon Small Mammal      Summ           0%         N/A       47%         1
 Gell's Gravitas          Tloc           0%         N/A       85%         3
 Lesser Beckoning         Tloc           0%         N/A       85%         3
 Teleport Other           Tloc           0%         N/A       85%         3


Dungeon Overview and Level Annotations

Branches:
Dungeon (3/15)

Altars:

Annotations:
D:2 1 runed translucent door, Crazy Yiuf
D:3 Ijyb


Innate Abilities, Weirdness & Mutations

You are immune to poison.
You have sharp fingernails.
Your flesh is cold resistant. (rC+)
You are immune to negative energy. (rN+++)
You do not regenerate when monsters are visible.
You are immune to unholy pain and torment.
You thrive by killing the living.


Message History

Ijyb shouts!
Found a dented pearl amulet.
There is a stone staircase leading up here.
Ijyb zaps a wand.
The puff of flame hits you!
Ijyb zaps a wand.
The puff of flame hits you.
There is a stone staircase leading up here.
Ijyb zaps a wand.
The puff of flame misses you.
The puff of flame hits the bat!
The bat dies!
You climb upwards.
Level annotation: 1 runed translucent door, Crazy Yiuf
There is a stone staircase leading down here.
You start resting.
HP restored.
You climb downwards.
Level annotation: Ijyb
There is a stone staircase leading up here.
Unknown command.
You scratch Ijyb.
Ijyb is lightly wounded.
Ijyb hits you with a +2 dagger of electrocution.
You barely miss Ijyb.
Ijyb is lightly wounded.
Ijyb hits you but does no damage.
You are electrocuted!
You barely miss Ijyb.
Ijyb is lightly wounded.
Ijyb hits you with a +2 dagger of electrocution.
* * * LOW HITPOINT WARNING * * *
You scratch Ijyb.
Ijyb is lightly wounded.
Ijyb closely misses you.
You scratch Ijyb but do no damage.
Ijyb is lightly wounded.
Ijyb zaps a wand.
The puff of flame hits you!
* * * LOW HITPOINT WARNING * * *
You scratch Ijyb.
Ijyb is moderately wounded.
You scratch Ijyb but do no damage.
Ijyb is moderately wounded.
Ijyb zaps a wand.
The puff of flame hits you!
You die...

#.## ##..#
...# #..#
#..# #.
#..#
##.#†.##
#....<.#
#.....@#
#.....g#
.....#.#.#
.....#.#..
....
#.##.#
.... .. ..
... ## ##.


You could see Ijyb.

Vanquished Creatures
  5 adders (D:2)
  A worm (D:2)
  A dart slug (D:1)
  An endoplasm (D:1)
  2 giant cockroaches (D:1)
  8 goblins
  4 hobgoblins
  4 kobolds
  3 quokkas (D:1)
  6 ball pythons
  5 bats
  5 frilled lizards
  5 rats
50 creatures vanquished.

Vanquished Creatures (others)
  A bat (D:3)
1 creature vanquished.

Grand Total: 51 creatures vanquished

Notes
Turn   | Place    | Note
-------+----------+-------------------------------------------
     0 | D:1      | cdecastro the Ghoul Monk began the quest for the Orb.
     0 | D:1      | Reached XP level 1. HP: 19/19 MP: 0/0
   166 | D:1      | Reached XP level 2. HP: 26/26 MP: 1/1
   299 | D:1      | Reached skill level 4 in Unarmed Combat
   677 | D:1      | Reached XP level 3. HP: 26/31 MP: 2/2
  1639 | D:2      | Reached skill level 5 in Unarmed Combat
  1646 | D:2      | Reached XP level 4. HP: 30/38 MP: 3/3
  2026 | D:2      | Found a runed translucent door.
  2027 | D:2      | Noticed Crazy Yiuf
  2134 | D:2      | Found a faded altar of an unknown god.
  2271 | D:3      | Noticed Ijyb
  2417 | D:3      | Killed from afar by Ijyb

Illustrated notes

Levels and vault maps discovered:
D:1:      wheals_arrival_linesprint, layout_basic, serial_curves,
          eino_curves_04, eino_curves_01
D:2:      minmay_skewed_foursquare, layout_basic, ebering_ecumenical_altar_webs,
          uniq_crazy_yiuf_cottage
D:3:      layout_rooms, general_overflow_altar, uniq_ijyb

Skill      XL: |  1  2  3 |
---------------+----------+-----
Unarmed Combat | 4 5 |  5.8
Fighting       | |  3.2
Dodging        | |  2.6
Stealth        | |  2.1

Action                   |  1- 3 |  4- 6 || total
-------------------------+-------+-------++-------
Melee: Unarmed           |   134 |    38 ||   172
       Punch             |     2 |     1 ||     3
 Stab: Sleeping          |     9 |     2 ||    11
Armor: Robe              |    23 |     4 ||    27
Dodge: Dodged            |    73 |    13 ||    86
